 Dungeon Sprint DCSS version 0.17-a0-1450-g7e755d1 (webtiles) character file.

3187 pulse the Severer (level 10, -1/91 HPs)
             Began as a Formicid Berserker on June 30, 2015.
             Was the Champion of Trog.
             Slain by a 12-headed hydra (11 damage)
             ... in the Dungeon (Sprint IX: "|||||||||||||||||||||||||||||").
             The game lasted 00:04:21 (1256 turns).

pulse the Severer (Formicid Berserker)              Turns: 1256, Time: 00:04:23

Health: -1/91      AC: 16    Str: 25    XL:     10   Next: 16%
Magic:  10/10      EV:  9    Int:  7    God:    Trog [******]
Gold:   0          SH:  0    Dex: 13    Spells: 0 memorised, 9 levels left

rFire  . . .     SeeInvis +     b - +4 war axe (vamp)
rCold  . . .     Clarity  .     a - +0 plate armour
rNeg   . . .     SustAt   .     (no shield)
rPois  .         Gourm    .     (helmet unavailable)
rElec  .         Spirit   .     (no cloak)
rCorr  .         Warding  .     (no gloves)
rMut   .         Stasis   +     n - +0 pair of boots
MR     +....                    (no amulet)
Stlth  ..........               o - +3 ring of dexterity
                                p - +2 ring of protection

@: somewhat resistant to hostile enchantments, extremely unstealthy
A: permanent stasis, dig shafts and tunnels, four strong arms, antennae 3
a: Dig, Burn Spellbooks, Trog's Hand, Brothers in Arms, Renounce Religion


You were in the Dungeon.
You worshipped Trog.
Trog was exalted by your worship.
You were very hungry.

You visited 1 branch

Inventory:

Hand weapons
 b - a +4 vampiric war axe (weapon)
 m - a +1 broad axe of freezing
Armour
 a - a +0 plate armour (worn)
 n - a +0 pair of boots (worn)
Jewellery
 o - a +3 ring of dexterity (right hand)
 p - a +2 ring of protection (left hand)
 t - an uncursed ring of fire
Magical devices
 l - a wand of draining (4)
Scrolls
 i - 3 scrolls of blinking
 k - 3 scrolls of remove curse
 s - a scroll of recharging
 u - a scroll of identify
 v - a scroll of fog
 w - 2 scrolls of enchant armour
Potions
 c - 2 potions of cure mutation
 d - 4 potions of curing
 e - a potion of invisibility
 f - a potion of haste
 g - 4 potions of magic
 h - a potion of berserk rage
 j - 2 potions of heal wounds
 q - a potion of resistance
 r - a potion of brilliance


   Skills:
 + Level 12.6 Fighting
 * Level 17.1 Axes
 + Level 7.0 Armour
 - Level 3.9 Dodging
 - Level 0.3 Stealth
 + Level 0.2 Evocations


You had 9 spell levels left.
You didn't know any spells.

Dungeon Overview and Level Annotations

Branches:
Dungeon (1/1)

Altars:
Cheibriados
Dithmenos
Elyvilon
Fedhas
Gozag
Kikubaaqudgha
Makhleb
Nemelex Xobeh
Okawaru
Qazlal
Ru
Sif Muna
Trog
Vehumet
Xom
Yredelemnul
Zin
The Shining One
Beogh
Jiyva
Lugonu


Innate Abilities, Weirdness & Mutations

You are under a permanent stasis effect.
You can dig through walls and to a lower floor.
Your four strong arms can wield two-handed weapons with a shield.
You have a pair of large antennae on your head (SInv).


Message History

The water moccasin is drained!
The water moccasin is severely wounded.
This wand has 4 charges left.
The 12-headed hydra bites you but does no damage.
The 12-headed hydra bites you.
* * * LOW HITPOINT WARNING * * *
The 12-headed hydra bites you.
* * * LOW HITPOINT WARNING * * *
The 12-headed hydra bites you but does no damage.
The 12-headed hydra bites you!
* * * LOW HITPOINT WARNING * * *
The 12-headed hydra bites you but does no damage.
The 12-headed hydra bites you.
* * * LOW HITPOINT WARNING * * *
The 12-headed hydra bites you but does no damage.
The 12-headed hydra completely misses you.
The 12-headed hydra bites you.
* * * LOW HITPOINT WARNING * * *
The 12-headed hydra bites you!
You die...

{
▓.▓.▓'▓
{ {
▓r▓.▓.▓
{
▓[▓.▓.▓
{
▓.▓.▓.▓
▓.▓.▓.▓
▓r▓.▓.▓
▓.▓.▓)▓
▓.▓.▓.▓
▓.▓@▓.▓
▓.▓D▓.▓
▓'▓S▓)▓
▓.▓.▓.▓
▓.▓.▓(▓
▓{▓Y▓.▓
▓{▓S▓.▓
▓{▓.▓.▓
▓.▓.▓.▓


You could see a 12-headed hydra, an elephant and 2 water moccasins.

Vanquished Creatures
  A hill giant (D)
  A griffon (D)
  A black mamba (D)
  2 spiny frogs (D)
  A komodo dragon (D)
  A deep elf mage (D)
  A basilisk (D)
  A hippogriff (D)
  A wolf (D)
  A water moccasin (D)
  2 ogres (D)
  A crocodile (D)
  2 giant frogs (D)
  A crimson imp (D)
  A quasit (D)
  2 hounds (D)
  An orc wizard (D)
  An iguana (D)
  2 oozes (D)
  2 giant geckos (D)
  An orc (D)
  A ball python (D)
  A hobgoblin (D)
  A kobold (D)
  A ball python zombie (D)
  A quokka (D)
  A rat (D)
33 creatures vanquished.

Notes
Turn   | Place    | Note
--------------------------------------------------------------
     0 | D        | pulse the Formicid Berserker began the quest for the Orb.
     0 | D        | Reached XP level 1. HP: 18/18 MP: 1/1
    15 | D        | Acquired Trog's second power
    15 | D        | Reached skill level 4 in Fighting
    15 | D        | Reached XP level 2. HP: 13/25 MP: 2/2
   362 | D        | Noticed an ogre
   362 | D        | Noticed a hound
   362 | D        | Noticed an ogre
   366 | D        | Killed an ogre
   366 | D        | Reached skill level 6 in Fighting
   366 | D        | Reached XP level 3. HP: 18/35 MP: 3/3
   366 | D        | Reached XP level 4. HP: 21/41 MP: 4/4
   366 | D        | Reached XP level 5. HP: 24/47 MP: 5/5
   375 | D        | Killed a hound
   375 | D        | Reached skill level 7 in Axes
   384 | D        | Killed an ogre
   384 | D        | Acquired Trog's third power
   384 | D        | Reached skill level 8 in Axes
   384 | D        | Reached XP level 6. HP: 18/56 MP: 6/6
   596 | D        | Found a glowing silver altar of Zin.
   596 | D        | Found a glowing golden altar of the Shining One.
   596 | D        | Found an ancient bone altar of Kikubaaqudgha.
   596 | D        | Found a basalt altar of Yredelemnul.
   596 | D        | Found a shimmering altar of Xom.
   596 | D        | Found a radiant altar of Vehumet.
   597 | D        | Found an iron altar of Okawaru.
   598 | D        | Found a burning altar of Makhleb.
   599 | D        | Found a deep blue altar of Sif Muna.
   600 | D        | Found a bloodstained altar of Trog.
   601 | D        | Found a sparkling altar of Nemelex Xobeh.
   602 | D        | Found a white marble altar of Elyvilon.
   603 | D        | Found a roughly hewn altar of Beogh.
   604 | D        | Found a viscous altar of Jiyva.
   605 | D        | Found a corrupted altar of Lugonu.
   606 | D        | Found a blossoming altar of Fedhas.
   607 | D        | Found a snail-covered altar of Cheibriados.
   608 | D        | Found a shadowy altar of Dithmenos.
   609 | D        | Found a stormy altar of Qazlal.
   610 | D        | Found an opulent altar of Gozag.
   611 | D        | Found a sacrificial altar of Ru.
   667 | D        | Noticed a giant frog
   667 | D        | Noticed a crocodile
   667 | D        | Noticed a deep elf mage
   679 | D        | Killed a deep elf mage
   679 | D        | Reached skill level 10 in Axes
   679 | D        | Reached XP level 7. HP: 55/63 MP: 7/7
   680 | D        | Killed a crocodile
   680 | D        | Reached skill level 11 in Axes
   682 | D        | Killed a giant frog
   744 | D        | Noticed an orc wizard
   744 | D        | Noticed a hill giant
   744 | D        | Noticed a hound
   744 | D        | Noticed a quasit
   744 | D        | Noticed a crimson imp
   745 | D        | Killed a hound
   749 | D        | Killed a quasit
   749 | D        | Received a gift from Trog
   753 | D        | Killed a hill giant
   753 | D        | Reached skill level 10 in Fighting
   753 | D        | Reached skill level 13 in Axes
   753 | D        | Reached skill level 5 in Armour
   753 | D        | Reached XP level 8. HP: 68/74 MP: 8/8
   757 | D        | Killed an orc wizard
   759 | D        | Killed a crimson imp
   888 | D        | Noticed a komodo dragon
   888 | D        | Noticed a spiny frog
   888 | D        | Noticed a wolf
   888 | D        | Noticed a black mamba
   888 | D        | Noticed an iguana
   888 | D        | Noticed a spiny frog
   891 | D        | Noticed a giant frog
   891 | D        | Killed a spiny frog
   891 | D        | Reached skill level 14 in Axes
   893 | D        | Noticed a water moccasin
   894 | D        | Killed an iguana
   897 | D        | Killed a black mamba
   897 | D        | Reached skill level 15 in Axes
   897 | D        | Reached XP level 9. HP: 81/81 MP: 9/9
   900 | D        | Noticed a basilisk
   902 | D        | Killed a wolf
   917 | D        | Killed a spiny frog
   929 | D        | Killed a komodo dragon
   929 | D        | Reached skill level 16 in Axes
   935 | D        | Killed a giant frog
   940 | D        | Killed a water moccasin
   951 | D        | Killed a basilisk
  1195 | D        | Noticed a water moccasin
  1195 | D        | Noticed an elephant
  1195 | D        | Noticed a four-headed hydra
  1195 | D        | Noticed a water moccasin
  1195 | D        | Noticed a griffon
  1195 | D        | Noticed a hippogriff
  1197 | D        | Killed a hippogriff
  1197 | D        | Received a gift from Trog
  1197 | D        | Reached XP level 10. HP: 86/90 MP: 10/10
  1198 | D        | Noticed a porcupine
  1200 | D        | Noticed a yak
  1204 | D        | Killed a griffon
  1204 | D        | Reached skill level 17 in Axes
  1214 | D        | Noticed a spiny frog
  1256 | D        | Slain by a 12-headed hydra

Vault maps used:
D:        linesprint

Action                   |  1- 3 |  4- 6 |  7- 9 | 10-12 || total
-------------------------+-------+-------+-------+-------++-------
Melee: Hand axe          |    26 |    17 |       |       ||    43
       Broad axe         |       |    12 |    21 |       ||    33
       War axe           |       |       |    61 |    16 ||    77
Evoke: Wand              |       |       |     2 |     1 ||     3
  Use: Potion            |       |     1 |     2 |     1 ||     4
       Scroll            |       |       |     2 |       ||     2
  Eat: Bread ration      |       |       |     1 |       ||     1
